 Dungeon Crawl Stone Soup version 0.31-a0-1549-g5ff9445e89 (webtiles) character file.

Game seed: 6963051695114586641

629 Curundu the Slasher (level 7, -1/61 HPs)
             Began as a Minotaur Berserker on Jan 2, 2024.
             Was a Priest of Trog.
             Slain by a ribbon worm (4 damage)
             ... on level 4 of the Dungeon.
             The game lasted 00:13:25 (3870 turns).

Curundu the Slasher (Minotaur Berserker)            Turns: 3870, Time: 00:13:25

Health: -1/61      AC: 10    Str: 24    XL:     7   Next: 23%
Magic:  6/6        EV:  9    Int:  4    God:    Trog [***...]
Gold:   174        SH:  4    Dex:  9    Spells: 6/6 levels left

rFire   . . .        a - +0 falchion
rCold   . . .        f - +0 buckler
rNeg    . . .        h - +0 chain mail
rPois   .            (helmet restricted)
rElec   .            c - scarf {shadows}
rCorr   .            (no gloves)
SInv    .            (no boots)
Will    ++...        (no amulet) Stlth
                     (no ring)
HPRegen 1.30/turn    (no ring)
MPRegen 0.10/turn

%: no passive effects
@: on fire, strong-willed, regenerating, glowing
A: horns 2, retaliatory headbutt
a: Renounce Religion, Berserk, Trog's Hand


You were on level 4 of the Dungeon.
You worshipped Trog.
Trog was most pleased with you.
You visited 1 branch of the dungeon, and saw 4 of its levels.
You also visited: Sewer.

You collected 174 gold pieces.

Inventory:

Hand Weapons
 a - a +0 falchion (weapon)
Armour
 c - a scarf of shadows (worn)
 f - a +0 buckler (worn)
 h - a +0 chain mail (worn)
Scrolls
 d - a scroll of enchant armour {unknown}
 e - a scroll of enchant weapon {unknown}
 g - 2 scrolls of teleportation
 i - a scroll of fear {unknown}
 l - 2 scrolls of amnesia {unknown}
 o - a scroll of identify {unknown}
 q - a scroll of noise {unknown}
 r - a scroll of silence {unknown}
 s - a scroll of fog {unknown}
Potions
 b - a potion of ambrosia {unknown}
 j - a potion of haste {unknown}
 k - a potion of brilliance {unknown}
 m - a potion of magic {unknown}
 n - 2 potions of might {unknown}
 p - a potion of heal wounds {unknown}


   Skills:
 + Level 5.3 Fighting
 + Level 6.0 Long Blades
 + Level 5.9 Armour
 + Level 4.0 Dodging
 + Level 0.2 Stealth
 + Level 1.8 Shields


You had 6 spell levels left.
You didn't know any spells.
Your spell library was empty.

Dungeon Overview and Level Annotations

Branches:
Dungeon (4/15)              Sewer (visited)
 Temple: D:4-7

Altars:
Ashenzari
Qazlal
Wu Jian


Innate Abilities, Weirdness & Mutations

You have a pair of horns on your head.
You reflexively headbutt those who attack you in melee.


Message History

The bombardier beetle barely misses you.
You furiously retaliate!
You headbutt the bombardier beetle!
You kill the bombardier beetle!
Trog accepts your kill.
The ribbon worm expels a string of sticky webbing.
The stream of webbing hits you but does no damage.
You are caught in a web!
The web tears apart.
The liquid fire burns you!
You hit the ribbon worm.
The ribbon worm is lightly wounded.
The liquid fire burns you! The ribbon worm bites you.
You hit the ribbon worm.
The ribbon worm is lightly wounded.
The liquid fire burns you!
* * * LOW HITPOINT WARNING * * *
The ribbon worm bites you but does no damage.
You hit the ribbon worm but do no damage.
The ribbon worm is lightly wounded.
The liquid fire burns you!
* * * LOW HITPOINT WARNING * * *
The ribbon worm expels a string of sticky webbing.
You block the stream of webbing.
You hit the ribbon worm.
You headbutt the ribbon worm, but do no damage.
The ribbon worm is moderately wounded.
The liquid fire burns you!
* * * LOW HITPOINT WARNING * * *
You block the ribbon worm's attack.
No other quiver actions available for cycling.
No other quiver actions available for cycling.
Activating: Trog's Hand (0% risk of failure)
Press: ? - help, Q - select action Dir - look around, f - activate Your skin crawls.
You feel strong-willed. The liquid fire burns you!
* * * LOW HITPOINT WARNING * * *
The ribbon worm bites you.
You die...

#####.##.#.###
...##.##.#.####
##.#..........# .# #
#.#.###.#.##.###.#.#
#.#.# #..........#.#
#.#.###............
#..#.##.#.##.##..#!
##.###.#.#.##?##†.#.##
#.## ##..#......@....#
##.###.###.##.##w......
###.#.####.##.###.#..##
..............# ......
############### ##....
####


You could see a ribbon worm.

Vanquished Creatures
  A black bear (D:3)
  2 kobold brigands (Sewer)
  A bombardier beetle (D:4)
  A gnoll bouda (D:4)
  Natasha (thrice) (D:3)
  Terence (D:2)
  7 gnolls
  A river rat (D:3)
  4 adders
  3 dart slugs
  7 ribbon worms
  13 ball pythons
  13 endoplasms
  3 giant cockroaches
  9 goblins
  5 hobgoblins
  5 jackals (D:1)
  2 quokkas (D:4)
  15 bats
  4 frilled lizards
  8 kobolds
  6 rats
114 creatures vanquished.

Notes
Turn   | Place    | Note
-------+----------+-------------------------------------------
     0 | D:1      | Curundu the Minotaur Berserker began the quest for the Orb.
     0 | D:1      | Reached XP level 1. HP: 19/19 MP: 0/0
   113 | D:1      | Reached skill level 4 in Long Blades
   123 | D:1      | Reached XP level 2. HP: 18/27 MP: 1/1
   374 | D:1      | Found a faded altar of an unknown god.
   416 | D:1      | Reached XP level 3. HP: 21/33 MP: 2/2
   424 | D:1      | Reached ** piety under Trog
   949 | D:2      | Noticed Terence
   960 | D:2      | Killed Terence
   961 | D:2      | Reached XP level 4. HP: 33/41 MP: 3/3
  1948 | D:3      | Reached XP level 5. HP: 43/47 MP: 4/4
  2099 | D:3      | Noticed Natasha
  2108 | D:3      | Killed Natasha
  2149 | D:3      | Noticed Natasha
  2153 | D:3      | Killed Natasha
  2154 | D:3      | Reached skill level 5 in Long Blades
  2236 | D:3      | Reached *** piety under Trog
  2245 | D:3      | Found a glowing drain.
  2393 | Sewer    | Entered a sewer
  2513 | Sewer    | Reached skill level 5 in Fighting
  2513 | Sewer    | Reached skill level 1 in Shields
  2513 | Sewer    | Reached XP level 6. HP: 36/56 MP: 5/5
  2948 | D:3      | Found a broken altar of Ashenzari.
  2969 | D:3      | Reached skill level 6 in Long Blades
  2969 | D:3      | Reached skill level 5 in Armour
  3205 | D:3      | Found an ornate altar of the Wu Jian Council.
  3263 | D:3      | Noticed Natasha
  3267 | D:3      | Killed Natasha
  3268 | D:3      | Reached XP level 7. HP: 61/61 MP: 6/6
  3603 | D:4      | Found a stormy altar of Qazlal.
  3870 | D:4      | HP: 2/61 [burnt (6)]
  3870 | D:4      | Slain by a ribbon worm

Illustrated notes

Levels and vault maps discovered:
D:1:      dpeg_arrival_tiny_h, layout_loops_ring,
          shapermc_ecumenical_altar_mp_ritualfount
D:2:      layout_basic, nicolae_elevator_lobby_asterisk, uniq_terence
D:3:      layout_basic, nzn_wu_jian_contemplation, nicolae_ashenzari_panopticon,
          portal_sewer_entry_e, minmay_fountain_box, grunt_decor_mini_mirrors,
          columned_hall_lemuel, uniq_natasha
D:4:      layout_loops_ring, amcnicky_altar_gilded, minmay_manual_mail

Skill      XL: |  1  2  3  4  5  6  7 |
---------------+----------------------+-----
Long Blades    | 4 5 6 |  6.0
Fighting       | 4 5 |  5.3
Dodging        | 3 4 |  4.0
Armour         | 3 4 5 |  5.9
Shields        | 1 |  1.8
Stealth        | |  0.2

Action                     |  1- 3 |  4- 6 |  7- 9 || total
---------------------------+-------+-------+-------++-------
  Melee: Falchion          |   101 |   210 |    43 ||   354
         Headbutt          |    18 |    39 |    12 ||    69
 Invoke: Trog's Hand       |     1 |       |     1 ||     2
    Use: Scroll            |       |     1 |       ||     1
 Armour: Animal skin       |    32 |       |       ||    32
         Chain mail        |    17 |   183 |    35 ||   235
  Dodge: Dodged            |    78 |   101 |    17 ||   196
  Block: Buckler           |     8 |    39 |     6 ||    53

Table legend: (Time is in decaauts)
 A = Elapsed time spent in this place.
 B = Non-inter-level travel time spent in this place.
 C = Inter-level travel time spent in this place.
 D = Time resting spent in this place.
 E = Time spent auto-exploring this place.
 F = Levels seen in this place.
 G = Mean time per level.
                   A        B        C        D        E       F      G
               +--------+--------+--------+--------+--------+-----+--------+
         Total |   3929 |   3929 |      0 |    125 |   2758 |   5 |  785.8 |
       Dungeon |   3474 |   3474 |      0 |    125 |   2472 |   4 |  868.5 |
         Sewer |    455 |    455 |      0 |      0 |    286 |   1 |  455.0 |
               +--------+--------+--------+--------+--------+-----+--------+

Top non-repeatable levels by time:
     D:3: 1158 daAuts
     D:2: 1115 daAuts
     D:1: 782 daAuts
   Sewer: 455 daAuts
     D:4: 418 daAuts
